[ AOE2 MATCH · #507811132 ]
UnrankedTurks vs Celts
Player's team · LOSS
Rival team · WIN
[ REPLAY ANALYSIS · EXTRACTED FROM THE RECORDED GAME ]
Feudal
—
Castle
—
Imperial
—
| APM avg | 41.6 |
| APM peak | 87 |
| eAPM avg | 17.6 |
| Villagers / military | 125 / 6 |
Focus
⚔️ 11.3% · 🌾 88.7%
Scout Cavalry ×6
Feudal
—
Castle
—
Imperial
—
| APM avg | 32.2 |
| APM peak | 63 |
| eAPM avg | 15.6 |
| Villagers / military | 82 / 26 |
Focus
⚔️ 26.8% · 🌾 73.2%
Spearman ×8 · Woad Raider ×8 · Battering Ram ×5 · Militia ×4 · Monk ×1
Match map
Initial resources + every placement click. Lines = walls · curves = elevation contours. ◆ gold · ⬟ stone · ● berries · ✦ relic · ◌ wall gap
Your base· Open — unwalled flank
Meneiyo's base· ✓ Closed at 18:50 · 30t walls · 3 gate(s)
Smoothed initial terrain · ◌ = detected wall gap · hover for details
Inputs per minute
— fidelon33 - - Meneiyo
Build order — fidelon33
First 150 of 242 actions detected
| 0:02 | Queue | Villager (Male) |
| 0:02 | Queue | Villager (Male) |
| 0:03 | Queue | Villager (Male) |
| 0:03 | Queue | Villager (Male) |
| 0:04 | Build | House |
| 0:06 | Build | House |
| 1:24 | Queue | Villager (Male) |
| 1:25 | Queue | Villager (Male) |
| 1:25 | Queue | Villager (Male) |
| 2:01 | Queue | Villager (Male) |
| 2:01 | Queue | Villager (Male) |
| 2:12 | Build | Lumber Camp |
| 2:30 | Queue | Villager (Male) |
| 2:31 | Queue | Villager (Male) |
| 2:31 | Queue | Villager (Male) |
| 2:49 | Queue | Villager (Male) |
| 2:49 | Queue | Villager (Male) |
| 2:50 | Queue | Villager (Male) |
| 3:14 | Queue | Villager (Male) |
| 3:15 | Queue | Villager (Male) |
| 3:36 | Queue | Villager (Male) |
| 3:37 | Queue | Villager (Male) |
| 3:51 | Queue | Villager (Male) |
| 3:52 | Queue | Villager (Male) |
| 3:56 | Build | House |
| 4:23 | Build | House |
| 4:36 | Queue | Villager (Male) |
| 4:37 | Queue | Villager (Male) |
| 4:37 | Queue | Villager (Male) |
| 4:45 | Build | Mill |
| 4:58 | Queue | Villager (Male) |
| 4:58 | Queue | Villager (Male) |
| 5:01 | Queue | Villager (Male) |
| 5:01 | Queue | Villager (Male) |
| 5:01 | Queue | Villager (Male) |
| 6:40 | Queue | Villager (Male) |
| 6:40 | Queue | Villager (Male) |
| 6:52 | Queue | Villager (Male) |
| 6:53 | Queue | Villager (Male) |
| 6:53 | Queue | Villager (Male) |
| 7:09 | Queue | Villager (Male) |
| 7:13 | Queue | Villager (Male) |
| 7:37 | Queue | Villager (Male) |
| 7:40 | Research | Loom |
| 7:58 | Research | Feudal Age |
| 9:14 | Build | Lumber Camp |
| 10:17 | Queue | Villager (Male) |
| 10:36 | Build | Barracks |
| 10:40 | Build | House |
| 10:41 | Build | House |
| 10:59 | Build | Palisade Gate |
| 11:03 | Queue | Villager (Male) |
| 11:07 | Research | Double-Bit Axe |
| 11:08 | Research | Horse Collar |
| 11:32 | Build | Stable |
| 11:42 | Queue | Villager (Male) |
| 11:46 | Build | Farm |
| 11:47 | Build | Farm |
| 11:50 | Build | Farm |
| 11:51 | Build | Farm |
| 11:58 | Build | Farm |
| 11:58 | Queue | Villager (Male) |
| 12:13 | Build | House |
| 12:21 | Build | Palisade Gate |
| 12:29 | Build | Palisade Wall |
| 12:38 | Build | Palisade Wall |
| 12:41 | Build | Palisade Wall |
| 12:43 | Queue | Villager (Male) |
| 12:43 | Queue | Villager (Male) |
| 12:50 | Build | Farm |
| 12:53 | Build | Farm |
| 13:11 | Queue | Villager (Male) |
| 13:12 | Queue | Scout Cavalry |
| 13:13 | Queue | Scout Cavalry |
| 13:19 | Build | Farm |
| 13:20 | Build | Farm |
| 13:25 | Build | Farm |
| 14:08 | Queue | Villager (Male) |
| 14:08 | Queue | Villager (Male) |
| 14:12 | Queue | Scout Cavalry |
| 14:12 | Queue | Scout Cavalry |
| 14:31 | Queue | Scout Cavalry |
| 14:44 | Build | Mining Camp |
| 14:56 | Build | Watch Tower |
| 14:59 | Queue | Villager (Male) |
| 15:17 | Build | Blacksmith |
| 15:23 | Queue | Scout Cavalry |
| 15:59 | Build | Farm |
| 16:00 | Build | Farm |
| 16:02 | Build | Farm |
| 16:11 | Build | House |
| 16:13 | Build | House |
| 16:15 | Build | Palisade Wall |
| 17:41 | Research | Castle Age |
| 18:03 | Build | Lumber Camp |
| 19:03 | Build | Mining Camp |
| 19:24 | Research | Town Watch |
| 20:05 | Research | Stone Mining |
| 20:08 | Research | Gold Mining |
| 20:38 | Queue | Villager (Male) |
| 20:39 | Queue | Villager (Male) |
| 21:05 | Queue | Villager (Male) |
| 21:29 | Build | Town Center |
| 21:34 | Research | Fletching |
| 21:43 | Build | Town Center |
| 22:50 | Queue | Villager (Male) |
| 22:51 | Queue | Villager (Male) |
| 24:15 | Queue | Villager (Male) |
| 24:15 | Queue | Villager (Male) |
| 24:15 | Queue | Villager (Male) |
| 24:15 | Queue | Villager (Male) |
| 24:26 | Build | Farm |
| 24:26 | Build | Farm |
| 24:26 | Build | Farm |
| 24:26 | Build | Farm |
| 24:27 | Build | Farm |
| 24:27 | Build | Farm |
| 24:27 | Build | Farm |
| 24:27 | Build | Farm |
| 24:28 | Build | Farm |
| 24:29 | Build | Farm |
| 24:29 | Build | Farm |
| 24:29 | Build | Farm |
| 24:32 | Build | Farm |
| 24:38 | Build | Farm |
| 24:38 | Build | Farm |
| 24:38 | Build | Farm |
| 24:38 | Build | Farm |
| 24:39 | Build | Farm |
| 24:39 | Build | Farm |
| 24:39 | Build | Farm |
| 24:39 | Build | Farm |
| 24:40 | Build | Farm |
| 24:40 | Build | Farm |
| 24:40 | Build | Farm |
| 24:41 | Build | Farm |
| 24:41 | Build | Farm |
| 25:22 | Queue | Villager (Male) |
| 25:22 | Queue | Villager (Male) |
| 25:22 | Queue | Villager (Male) |
| 25:23 | Queue | Villager (Male) |
| 25:23 | Queue | Villager (Male) |
| 25:23 | Queue | Villager (Male) |
| 25:56 | Queue | Villager (Male) |
| 25:57 | Queue | Villager (Male) |
| 25:57 | Queue | Villager (Male) |
| 25:57 | Queue | Villager (Male) |
| 25:57 | Queue | Villager (Male) |
| 25:57 | Queue | Villager (Male) |
| 26:07 | Build | Farm |
Build order — Meneiyo
First 150 of 199 actions detected
| 0:02 | Queue | Villager (Male) ×4 |
| 0:03 | Queue | Villager (Male) ×4 |
| 0:03 | Research | Loom |
| 0:06 | Build | House |
| 0:08 | Build | House |
| 1:33 | Build | House |
| 1:37 | Build | House |
| 1:41 | Queue | Villager (Male) |
| 1:42 | Queue | Villager (Male) |
| 2:10 | Queue | Villager (Male) |
| 2:10 | Queue | Villager (Male) |
| 2:27 | Queue | Villager (Male) |
| 2:27 | Queue | Villager (Male) |
| 3:05 | Build | Lumber Camp |
| 3:12 | Queue | Villager (Male) |
| 3:12 | Queue | Villager (Male) |
| 3:13 | Queue | Villager (Male) |
| 4:00 | Queue | Villager (Male) |
| 4:00 | Queue | Villager (Male) |
| 4:00 | Queue | Villager (Male) |
| 4:55 | Queue | Villager (Male) |
| 4:55 | Queue | Villager (Male) |
| 4:56 | Queue | Villager (Male) |
| 6:01 | Build | Mill |
| 6:37 | Queue | Villager (Male) |
| 6:37 | Queue | Villager (Male) |
| 7:13 | Queue | Villager (Male) |
| 7:33 | Build | Barracks |
| 7:44 | Research | Feudal Age |
| 7:44 | Research | Feudal Age |
| 8:05 | Build | Mining Camp |
| 8:27 | Queue | Militia |
| 8:28 | Queue | Militia |
| 8:44 | Build | House |
| 8:47 | Build | Palisade Wall |
| 8:49 | Build | Palisade Wall |
| 9:00 | Build | Palisade Wall |
| 9:14 | Build | House |
| 9:55 | Build | House |
| 10:04 | Build | Palisade Gate |
| 10:37 | Queue | Villager (Male) |
| 10:37 | Queue | Villager (Male) |
| 10:38 | Queue | Villager (Male) |
| 11:07 | Queue | Spearman |
| 11:07 | Queue | Spearman |
| 11:18 | Build | Farm |
| 11:23 | Build | Palisade Wall |
| 11:30 | Build | Farm |
| 11:31 | Build | Farm |
| 11:32 | Build | Farm |
| 11:33 | Build | Farm |
| 11:34 | Build | Farm |
| 11:37 | Queue | Villager (Male) |
| 11:42 | Build | Farm |
| 11:48 | Research | Man-at-Arms (upgrade) |
| 11:59 | Build | Watch Tower |
| 12:06 | Queue | Villager (Male) |
| 12:06 | Queue | Villager (Male) |
| 12:17 | Build | Blacksmith |
| 12:21 | Build | Palisade Wall |
| 12:25 | Queue | Villager (Male) |
| 12:25 | Queue | Villager (Male) |
| 12:46 | Queue | Villager (Male) |
| 12:54 | Build | Palisade Gate |
| 13:06 | Build | Farm |
| 13:10 | Queue | Villager (Male) |
| 13:11 | Queue | Villager (Male) |
| 13:22 | Build | Palisade Wall |
| 13:24 | Build | Palisade Wall |
| 13:26 | Build | Palisade Wall |
| 13:28 | Build | Palisade Wall |
| 14:00 | Research | Forging |
| 14:06 | Queue | Villager (Male) |
| 14:23 | Queue | Militia |
| 14:23 | Queue | Militia |
| 14:42 | Build | House |
| 14:48 | Queue | Villager (Male) |
| 15:22 | Build | Farm |
| 15:30 | Build | Market |
| 15:34 | Queue | Villager (Male) |
| 15:35 | Queue | Villager (Male) |
| 16:17 | Queue | Spearman |
| 16:17 | Queue | Spearman |
| 16:24 | Build | Gate |
| 16:27 | Build | Palisade Wall |
| 16:29 | Build | Palisade Wall |
| 17:19 | Queue | Villager (Male) |
| 17:20 | Queue | Villager (Male) |
| 17:24 | Queue | Spearman |
| 17:24 | Queue | Spearman |
| 18:10 | Research | Scale Mail Armor |
| 18:17 | Queue | Villager (Male) |
| 18:18 | Queue | Villager (Male) |
| 18:50 | Research | Castle Age |
| 19:09 | Build | Mining Camp |
| 19:24 | Research | Double-Bit Axe |
| 19:36 | Build | Palisade Gate |
| 19:41 | Build | Palisade Wall |
| 19:41 | Build | Palisade Wall |
| 20:10 | Research | Horse Collar |
| 20:10 | Research | Horse Collar |
| 20:22 | Build | Palisade Wall |
| 20:43 | Build | Palisade Wall |
| 21:11 | Build | House |
| 21:16 | Build | House |
| 21:22 | Queue | Spearman |
| 21:22 | Queue | Spearman |
| 21:43 | Research | Iron Casting |
| 22:00 | Build | Palisade Wall |
| 22:19 | Build | Town Center |
| 22:26 | Build | Palisade Wall |
| 22:30 | Queue | Villager (Male) |
| 22:30 | Queue | Villager (Male) |
| 22:31 | Queue | Villager (Male) |
| 22:41 | Build | Farm |
| 22:42 | Build | Farm |
| 22:43 | Build | Farm |
| 22:49 | Build | Palisade Gate |
| 23:00 | Research | Stone Mining |
| 23:02 | Research | Gold Mining |
| 23:31 | Queue | Villager (Male) |
| 23:34 | Research | Wheelbarrow |
| 23:45 | Build | House |
| 23:47 | Build | House |
| 23:54 | Research | Town Watch |
| 23:55 | Queue | Villager (Male) |
| 23:55 | Queue | Villager (Male) |
| 24:27 | Queue | Villager (Male) |
| 24:27 | Queue | Villager (Male) |
| 24:33 | Build | Farm |
| 24:35 | Build | Farm |
| 24:42 | Build | Farm |
| 24:46 | Queue | Villager (Male) |
| 24:47 | Queue | Villager (Male) |
| 24:51 | Build | Farm |
| 24:53 | Build | Farm |
| 24:53 | Build | Farm |
| 24:55 | Build | Farm |
| 25:02 | Queue | Villager (Male) |
| 25:11 | Build | House |
| 25:22 | Build | Castle |
| 25:28 | Queue | Villager (Male) |
| 25:30 | Queue | Villager (Male) |
| 25:58 | Queue | Villager (Male) |
| 26:00 | Queue | Villager (Male) |
| 26:11 | Build | Farm |
| 26:13 | Build | Farm |
| 26:14 | Build | Farm |
| 26:17 | Queue | Villager (Male) |
| 26:19 | Queue | Villager (Male) |
Match timeline
| 7:33 | Meneiyo · first_building Barracks |
| 8:47 | Meneiyo · wall_segment Palisade Wall x1 |
| 8:49 | Meneiyo · wall_segment Palisade Wall x1 |
| 9:00 | Meneiyo · wall_segment Palisade Wall x4 |
| 10:36 | fidelon33 · first_building Barracks |
| 11:23 | Meneiyo · wall_segment Palisade Wall x9 |
| 11:32 | fidelon33 · first_building Stable |
| 12:21 | Meneiyo · wall_segment Palisade Wall x8 |
| 12:29 | fidelon33 · wall_segment Palisade Wall x10 |
| 12:38 | fidelon33 · wall_segment Palisade Wall x4 |
| 12:41 | fidelon33 · wall_segment Palisade Wall x4 |
| 13:22 | Meneiyo · wall_segment Palisade Wall x1 |
| 13:24 | Meneiyo · wall_segment Palisade Wall x1 |
| 13:26 | Meneiyo · wall_segment Palisade Wall x1 |
| 13:28 | Meneiyo · wall_segment Palisade Wall x1 |
| 16:15 | fidelon33 · wall_segment Palisade Wall x1 |
| 16:27 | Meneiyo · wall_segment Palisade Wall x2 |
| 16:29 | Meneiyo · wall_segment Palisade Wall x1 |
| 18:13 | Meneiyo · first_market_buy 100 food |
| 19:41 | Meneiyo · wall_segment Palisade Wall x1 |
| 19:41 | Meneiyo · wall_segment Palisade Wall x1 |
| 20:22 | Meneiyo · wall_segment Palisade Wall x3 |
| 20:43 | Meneiyo · wall_segment Palisade Wall x1 |
| 22:00 | Meneiyo · wall_segment Palisade Wall x1 |
| 22:26 | Meneiyo · wall_segment Palisade Wall x1 |
| 25:22 | Meneiyo · first_building Castle |
| 26:17 | fidelon33 · wall_segment Palisade Wall x7 |
| 26:21 | fidelon33 · wall_segment Palisade Wall x8 |
| 27:57 | Meneiyo · first_building Monastery |
| 28:15 | Meneiyo · first_building Siege Workshop |
| 28:41 | fidelon33 · first_building Castle |
| 30:07 | fidelon33 · wall_segment Stone Wall x11 |
| 32:08 | fidelon33 · resign |
[ AI ANALYSIS · 1 CREDIT ]
What really happened in this match?
Wolo.gg analyzes every decision: build order, eco, micro, common mistakes by bracket. Personalized analysis on WhatsApp or Discord in 30 seconds.
Civ guide
Turks
Perfil
Jugador #13707220